Map: Blueshift EE

Players

DarthJulius

  • Race: Protoss Protoss
  • League: Platinum
  • Spawn Location: 1:00

IA (Muy fácil)

  • Race: Zerg Zerg
  • Spawn Location: 7:00

VOD

Have the link to the VOD?

Description

Time

  • Played on: Oct. 13, 2018, 1:51 p.m.
  • Length: 30:13
Show
View Real Time Build Order
Export as new Build Order

DarthJulius Protoss 

Build Orders:  

Get SALT Encoding   

    23:43  Probe x12  
    23:55  Unknown  
  12  23:58  Probe  
  13  24:10  Probe  
  14  24:17  Pylon  
  14  24:20  Probe  
  15  24:31  Probe  
  15  24:38  Gateway  
  16  24:40  Probe  
  18  24:52  Probe  
  18  25:05  Probe  
  19  25:17  Probe  
  20  25:24  Nexus  
  20  25:29  Probe  
  20  25:33  Assimilator  
  21  25:41  Probe  
  22  25:44  Assimilator  
  22  25:47  Cybernetics Core  
  22  25:52  Pylon  
  22  25:56  Probe  
  23  26:05  Warp Gate  
  23  26:10  Probe  
  24  26:22  Probe  
  25  26:28  Gateway  
  25  26:36  Probe x2  
  25  26:38  Adept  
  29  26:49  Probe x2  
  31  26:55  Robotics Facility  
  31  27:01  Probe  
  31  27:02  Forge, Probe  
  33  27:13  Probe  
  33  27:14  Adept  
  34  27:21  Twilight Council  
  34  27:22  Adept, Probe  
  39  27:32  Probe  
  40  27:37  Adept  
  42  27:47  Protoss Ground Weapons Level 1  
  42  27:50  Warp Prism  
  44  27:57  Resonating Glaives  
  44  28:01  Adept  
  46  28:08  Gateway  
  46  28:11  Pylon  
  46  28:18  Gateway  
  46  28:29  Immortal  
  50  28:37  Adept  
  52  28:42  Pylon  
  52  28:44  Adept  
  54  28:49  Pylon, Gateway  
  54  29:02  Adept  
  56  29:03  Adept  
  58  29:13  Immortal  
  58  29:16  Adept  
  60  29:17  Adept  
  60  29:18  Adept  
  60  29:22  Pylon  
  68  29:32  Adept  
  70  29:38  Pylon  
  70  29:42  Adept x3  
  76  29:49  Adept  
  78  29:59  Adept  
Show
View Real Time Build Order
Export as new Build Order

IA (Muy fácil) Zerg 

Build Orders: Hatch First 

Get SALT Encoding   

    23:37  Overlord  
    23:43  Drone x12  
    23:55  Unknown  
  12  23:57  Drone  
  13  24:09  Overlord  
  13  24:45  Hatchery  
  12  25:22  Hatchery  
  11  26:25  Hatchery  
  10  27:40  Hatchery  
  8  29:57  Spawning Pool  
Tags
 
League
Platinum
Matchup
PvZ
Spawn Locations
Cross Positions
Add a new tag
Caveats
  • Supply blocks, unpowered buildings, or Contaminate may cause inaccurate times.
  • Supply counts are checked every 10 seconds.